 Dungeon Crawl Stone Soup version 0.29-a0-575-g0dc89cf053 (webtiles) character file.

Game seed: 5473876648501013162

686 greasedhog the Bolt Thrower (level 7, -10/79 HPs)
             Began as a Formicid Hunter on June 12, 2022.
             Was an Initiate of Okawaru.
             Mangled by Menkaure (12 damage)
             ... on level 5 of the Dungeon.
             The game lasted 00:11:17 (4813 turns).

greasedhog the Bolt Thrower (Formicid Hunter)       Turns: 4813, Time: 00:11:18

Health: -10/79     AC: 23    Str: 15    XL:     7   Next: 94%
Magic:  8/8        EV:  2    Int:  9    God:    Okawaru [......]
Gold:   216        SH:  0    Dex: 16    Spells: 6/6 levels left

rFire   . . .      SeeInvis .   a - +1 hand crossbow
rCold   . . .      Faith    .   (no shield)
rNeg    . . .      Spirit   .   (body armour currently unavailable)
rPois   +          Reflect  .   (helmet unavailable)
rElec   .          Harm     .   (cloak currently unavailable)
rCorr   .          Rampage  .   (gloves currently unavailable)
Will    .....                   (boots currently unavailable)
Stlth   +++.......              (no amulet)
HPRegen 0.23/turn               d - +4 ring of evasion
MPRegen 0.11/turn               (no ring)

@: tree-form
A: stationary, stasis, torment immunity, boosted hp, permanent stasis, dig
shafts and tunnels, (antennae 3), four strong arms
a: Renounce Religion


You were on level 5 of the Dungeon.
You worshipped Okawaru.
Okawaru was noncommittal.
You were a tree.
You visited 2 branches of the dungeon, and saw 7 of its levels.

You collected 216 gold pieces.

Inventory:

Hand Weapons
 a - a +1 hand crossbow (weapon)
Armour
 b - a +0 leather armour (melded)
 f - a +2 pair of boots (melded)
 i - a +0 pair of gloves (melded)
Jewellery
 d - a +4 ring of evasion (left branch)
 l - a ring of magical power
 t - an amulet of faith
Scrolls
 c - 2 scrolls of immolation
 h - a scroll of fog
 k - a scroll of amnesia
 o - a scroll of vulnerability
 q - a scroll of torment
 u - a scroll of fear {unknown}
Potions
 e - 4 potions of lignification
 g - a potion of ambrosia
 j - a potion of resistance {unknown}
 m - 2 potions of curing
 n - a potion of berserk rage {unknown}
 p - 2 potions of heal wounds {unknown}
 r - 2 potions of attraction {unknown}
 v - a potion of degeneration {unknown}


   Skills:
 * Level 3.8 Fighting
 * Level 6.0 Crossbows
 - Level 4.1 Dodging
 - Level 5.1 Stealth
 + Level 1.8 Invocations


You had 6 spell levels left.
You didn't know any spells.
Your spell library contained the following spells:

 Spells                   Type           Power      Damage    Failure   Level
 Freezing Cloud           Conj/Ice/Air   0%         6-21      100%        5
 Polar Vortex             Ice            0%         N/A       100%        9
 Simulacrum               Ice/Necr       Unusable   N/A       N/A         6

Dungeon Overview and Level Annotations

Branches:
Dungeon (6/15)             Temple (1/1) D:4

Altars:
Ashenzari
Cheibriados
Dithmenos
Elyvilon
Gozag
Hepliaklqana
Makhleb
Okawaru
Qazlal
Sif Muna
Trog
Uskayaw
Vehumet
Wu Jian
Xom
The Shining One

Shops:
D:1 ((!?=

Annotations:
D:3 1 runed translucent door, Crazy Yiuf
D:5 Eustachio, Menkaure, Prince Ribbit


Innate Abilities, Weirdness & Mutations

You are a tree.
Your roots penetrate the ground, keeping you stationary.
You cannot be teleported.
You are immune to unholy pain and torment.
Your maximum health is greatly increased.
Your equipment is partially melded.
You cannot be hasted, slowed, berserked, paralysed or teleported.
You can dig through walls and to a lower floor.
((You have a pair of large antennae on your head. (SInv)))
Your four strong arms can wield two-handed weapons with a shield.


Message History

a +0 club; a +0 leather armour
Okay, then.
There is a stone staircase leading down here.
You climb downwards.
Level annotation: Eustachio, Prince Ribbit
There is a stone staircase leading up here.
Okay, then.
Okay, then.
Okay, then.
You shoot a bolt. The bolt hits Menkaure!
Menkaure is moderately damaged.
You shoot a bolt. The bolt hits Menkaure.
Menkaure is heavily damaged.
Menkaure calls on the powers of darkness!
Your body is wracked with pain!
Prince Ribbit convulses!
You shoot a bolt. The bolt misses Prince Ribbit.
Prince Ribbit hits you.
Menkaure calls on the powers of darkness!
Your body is wracked with pain!
* * * LOW HITPOINT WARNING * * *
Prince Ribbit convulses!
You are too injured to fight recklessly!
You are too injured to fight recklessly!
Really quaff the potion of lignification?
You turn into a tree.
Your +0 pair of gloves melds into your body.
Your +2 pair of boots melds into your body.
Your +0 leather armour melds into your body.
Your roots penetrate the ground.
Prince Ribbit hits you!
* * * LOW HITPOINT WARNING * * *
Prince Ribbit hits you but does no damage.
You are too injured to fight recklessly!
Shoot: a) +1 hand crossbow
Press: ? - help, Q - select action, (/) - cycle Shift-Dir - straight line, f/p - Prince Ribbit
Aim: Prince Ribbit (severely wounded, 48% to hit)
You shoot a bolt. The bolt hits Prince Ribbit!
Prince Ribbit is almost dead.
Prince Ribbit hits you!
* * * LOW HITPOINT WARNING * * *
Menkaure hits you!
You die...

#..... #..... #.....# .
#.....######..
#.............
#.............
#....M........
#.....♣.......
#....F........
....#'#####....
#.....#.....# ...
#.....#.....# . {
#.....#..÷..#
###+##.....#..<..#
#..........#.....#########
###..........#......#......#


You could see Prince Ribbit and Menkaure.

Vanquished Creatures
  A centaur (D:4)
  2 scorpions
  3 hounds
  A gnoll shaman (D:5)
  3 iguanas
  Terence (D:3)
  An orc wizard (D:5)
  Natasha (thrice) (D:3)
  6 gnolls
  An adder (D:5)
  A shadow imp (D:4)
  3 worms
  5 orcs
  4 bats
  9 endoplasms
  5 giant cockroaches
  6 goblins
  11 hobgoblins
  2 jackals (D:2)
  6 kobolds
  4 quokkas
  8 ball pythons
  8 rats
94 creatures vanquished.

Vanquished Creatures (others)
  7 withered plants (D:5)
7 creatures vanquished.

Grand Total: 101 creatures vanquished

Notes
Turn   | Place    | Note
-------+----------+-------------------------------------------
     0 | D:1      | greasedhog the Formicid Hunter began the quest for the Orb.
     0 | D:1      | Reached XP level 1. HP: 16/16 MP: 1/1
    16 | D:1      | Found Ydier's Jewellery Shoppe.
   186 | D:1      | Reached XP level 2. HP: 22/22 MP: 2/2
   243 | D:1      | Found Xierch's Distillery.
   282 | D:1      | Found Leeni's Antique Weapon Shop.
   295 | D:1      | Found Exzigex's Weapon Shoppe.
   493 | D:1      | Found a faded altar of an unknown god.
   502 | D:1      | Reached XP level 3. HP: 27/27 MP: 3/3
   993 | D:1      | Found Okootec's Magic Scroll Shoppe.
  1326 | D:2      | Reached XP level 4. HP: 33/33 MP: 4/4
  1715 | D:3      | Noticed Terence
  1723 | D:3      | Killed Terence
  1890 | D:3      | Noticed Natasha
  1893 | D:3      | Killed Natasha
  1894 | D:3      | Reached XP level 5. HP: 38/38 MP: 5/5
  2022 | D:3      | Reached skill level 5 in Crossbows
  2446 | D:3      | Noticed Natasha
  2459 | D:3      | Reached XP level 6. HP: 35/44 MP: 6/6
  2465 | D:3      | You fall into a shaft and drop 3 floors!
  2954 | D:5      | Entered Level 5 of the Dungeon
  3047 | D:4      | Reached XP level 7. HP: 51/51 MP: 7/7
  3115 | D:4      | Found a staircase to the Ecumenical Temple.
  3128 | Temple   | Entered the Ecumenical Temple
  3276 | Temple   | Became a worshipper of Warmaster Okawaru
  3530 | D:4      | Identified the +1 robe "Sooduw" {rN++ Dex+2}
  3564 | D:3      | Killed Natasha
  3565 | D:3      | Reached skill level 5 in Stealth
  3580 | D:3      | Found a runed translucent door.
  3581 | D:3      | Noticed Crazy Yiuf
  3691 | D:3      | Noticed Natasha
  3695 | D:3      | Killed Natasha
  4115 | D:4      | Reached skill level 1 in Invocations
  4548 | D:5      | Reached skill level 6 in Crossbows
  4610 | D:5      | Noticed Eustachio
  4733 | D:5      | Noticed Prince Ribbit
  4808 | D:5      | Noticed Menkaure
  4813 | D:5      | HP: 2/79 [Prince Ribbit (10)]
  4813 | D:5      | Mangled by Menkaure

Illustrated notes

Levels and vault maps discovered:
D:1:      minmay_arrival_diagonal_passages, layout_loops_corners,
          chequers_ecumenical_altar_island, serial_shops,
          nicolae_lakefront_shop, nicolae_diamond_shop, shop,
          nicolae_shop_stone, shop
D:2:      layout_basic, minmay_pentomino_r2
D:3:      layout_basic, kennysheep_cluttered_room, uniq_crazy_yiuf_cottage,
          uniq_natasha, uniq_terence
D:4:      minmay_chambers_of_twos, layout_loops_corners,
          minmay_temple_entry_large_hall
D:5:      nicolae_cairo_tiling, layout_gridville,
          grunt_temple_overflow_growth_and_decay,
          nicolae_ru_the_path_less_chosen, uniq_prince_ribbit1, uniq_menkaure,
          uniq_eustachio, uniq_pikel
D:6:      layout_basic, minmay_crystal_water, minmay_misc_feat_chi
Temple:   lightli_temple_of_artemis

Skill      XL: |  1  2  3  4  5  6  7 |
---------------+----------------------+-----
Dodging        | 2 3 4 |  4.1
Stealth        | 2 3 4 5 |  5.1
Crossbows      | 5 6 |  6.0
Fighting       | 3 |  3.8
Invocations    | 1 |  1.8

Action                   |  1- 3 |  4- 6 |  7- 9 || total
-------------------------+-------+-------+-------++-------
 Fire: Hand crossbow     |   108 |   153 |   113 ||   374
 Abil: Dig               |       |     1 |       ||     1
       Shaft Self        |       |     1 |       ||     1
  Use: Scroll            |     3 |     1 |     5 ||     9
       Potion            |       |       |     1 ||     1
Armor: Leather armour    |    14 |    18 |    16 ||    48
       Skin              |       |       |     1 ||     1
Dodge: Dodged            |    38 |    97 |    72 ||   207

Table legend: (Time is in decaauts)
 A = Elapsed time spent in this place.
 B = Non-inter-level travel time spent in this place.
 C = Inter-level travel time spent in this place.
 D = Time resting spent in this place.
 E = Time spent auto-exploring this place.
 F = Levels seen in this place.
 G = Mean time per level.
                   A        B        C        D        E       F      G
               +--------+--------+--------+--------+--------+-----+--------+
         Total |   4925 |   4717 |    208 |    505 |   3334 |   7 |  703.6 |
       Dungeon |   4765 |   4571 |    194 |    505 |   3251 |   6 |  794.2 |
        Temple |    159 |    145 |     14 |      0 |     83 |   1 |  159.0 |
               +--------+--------+--------+--------+--------+-----+--------+

Top non-repeatable levels by time:
     D:1: 1159 daAuts
     D:4: 1140 daAuts
     D:3: 852 daAuts
     D:2: 680 daAuts
     D:6: 498 daAuts
     D:5: 434 daAuts
  Temple: 159 daAuts
